 Dungeon Crawl Stone Soup version 0.20.1-1-g8b1a95d (console) character file.

48370 hilaritas the Blocker (level 14, -12/111 HPs)
             Began as a Demonspawn Gladiator on Mar 18, 2018.
             Was the Champion of Okawaru.
             Splashed by an oklob plant's acid (14 damage)
             ... on level 6 of the Lair of Beasts on Mar 21, 2018.
             The game lasted 01:07:44 (25002 turns).

hilaritas the Blocker (Demonspawn Gladiator)       Turns: 25002, Time: 01:07:46

Health: -12/111    AC: 15    Str: 28    XL:     14   Next: 12%
Magic:  0/21       EV: 17    Int:  9    God:    Okawaru [******]
Gold:   547        SH: 12    Dex: 19    Spells: 12/13 levels left

rFire    + . .     SeeInvis .   a - +1 long sword (slice)
rCold    + . .     Gourm    .   c - +3 buckler "Fousoeli" {MR++ Str+3}
rNeg     + . .     Faith    +   W - +6 plate armour "Maekh" {MR+ Str+3 Stlth+}
rPois    .         Spirit   +   (helmet restricted)
rElec    .         Reflect  .   N - scarf {rC+ rF+}
rCorr    .         Harm     .   G - +1 pair of gloves {Dex+3}
MR       ++++.                  k - +1 pair of boots
Stlth    ..........             q - amulet of faith
Regen    0.3/turn               P - +3 ring of strength
MPRegen  0.4/turn               L - ring of positive energy

@: heroism, corroded
A: horns 2, icy blue scales 2, magic shield, magic regeneration, magic link
a: Heroism, Finesse, Renounce Religion


You were on level 6 of the Lair of Beasts.
You worshipped Okawaru.
Okawaru was exalted by your worship.
You were not hungry.

You visited 3 branches of the dungeon, and saw 19 of its levels.
You also visited: Sewer.

You collected 908 gold pieces.
You spent 361 gold pieces at shops.

Inventory:

Hand Weapons
 a - a +1 long sword of slicing (weapon)
 F - a +1 dagger of venom
 J - a +4 great sword of freezing
 X - a +0 long sword of draining
Missiles
 d - 8 throwing nets (quivered)
Armour
 c - the +3 buckler "Fousoeli" (worn) {MR++ Str+3}
   (Okawaru gifted it to you on level 1 of the Lair of Beasts)

   It affects your strength (+3).
   It affects your resistance to hostile enchantments.
 k - a +1 pair of boots (worn)
 D - a +0 crystal plate armour
 G - a +1 pair of gloves of dexterity (worn)
 H - a +2 shield of protection
 N - a scarf of resistance (worn)
 W - the +6 plate armour "Maekh" (worn) {MR+ Str+3 Stlth+}
   (Okawaru gifted it to you on level 12 of the Dungeon)

   It affects your strength (+3).
   It affects your resistance to hostile enchantments.
   It makes you more stealthy.
Jewellery
 q - an amulet of faith (around neck)
 B - an uncursed ring of protection from fire
 L - a ring of positive energy (right hand)
 P - a +3 ring of strength (left hand)
 S - an uncursed ring of wizardry
 U - a +6 ring of intelligence
Wands
 K - a wand of disintegration (6/24)
 M - a wand of lightning (7/15)
 V - a wand of lightning (6/15)
Scrolls
 b - 4 scrolls of fog
 e - 6 scrolls of remove curse
 i - 4 scrolls of amnesia
 s - 2 scrolls of blinking
 u - a scroll of magic mapping
 w - 3 scrolls of identify
 x - 3 scrolls of recharging
 y - 12 scrolls of teleportation
 C - 3 scrolls of enchant weapon
 I - 4 scrolls of enchant armour
 Y - 2 scrolls of fear
Potions
 h - a potion of mutation
 l - 2 potions of magic
 m - 2 potions of invisibility
 o - a potion of resistance
 p - 3 potions of curing
 r - a potion of berserk rage
 t - 4 potions of flight
 v - 4 potions of haste
 z - 2 potions of brilliance
 A - 3 potions of cancellation
 E - 2 potions of heal wounds
 Q - a potion of might
Books
 T - a book of Callings

   Spells                             Type                      Level
   a - Summon Small Mammal            Summoning                    1
   b - Call Imp                       Summoning                    2
   c - Call Canine Familiar           Summoning                    3
   d - Summon Guardian Golem          Hexes/Summoning              3
   e - Summon Lightning Spire         Summoning/Air                4
   f - Summon Ice Beast               Ice/Summoning                4
Comestibles
 f - 13 bread rations
 g - 8 meat rations
 j - 16 fruits
 n - 11 royal jellies
 R - 3 chunks of flesh


   Skills:
 + Level 10.5(15.5) Fighting
 * Level 11.0(16.0) Long Blades
 - Level 1.7(6.7) Throwing
 - Level 10.0(15.0) Armour
 - Level 8.3(13.3) Dodging
 - Level 11.0(16.0) Shields
 - Level 10.0 Invocations


You had 12 spell levels left.
You knew the following spells:

 Your Spells              Type           Power        Failure   Level  Hunger
a - Summon Small Mammal   Summ           #...         94%         1    ##.....


Dungeon Overview and Level Annotations

Branches:
Dungeon (12/15)            Temple (1/1) D:5            Lair (6/6) D:10
 Shoals (0/4) Lair:2       Spider (0/4) Lair:3        Slime (0/5) Lair:6
    Orc (0/2) D:10

Altars:
Ashenzari
Cheibriados
Dithmenos
Elyvilon
Fedhas
Gozag
Hepliaklqana
Kikubaaqudgha
Makhleb
Nemelex Xobeh
Okawaru
Qazlal
Ru
Sif Muna
Trog
Uskayaw
Vehumet
Xom
Yredelemnul
Zin
The Shining One

Shops:
D:5 [*[[(   D:8 ([(

Annotations:
Lair:6 exclusion: 3 oklob plants


Innate Abilities, Weirdness & Mutations

You have a pair of horns on your head.
You are mostly covered in icy blue scales. (AC +3)
When hurt, damage is shared between your health and your magic reserves.
You regenerate magic rapidly.
When low on magic, you restore magic in place of health.


Message History

The oklob plant spits acid at you. You block the splash of acid.
The komodo dragon bites you!!
* * * LOW HITPOINT WARNING * * *
There is a staircase to the Slime Pits, spattered with blood here.
You hit the oklob plant but do no damage.
You headbutt the oklob plant, but do no damage.
The komodo dragon barely misses you.
You hit the oklob plant but do no damage.
You headbutt the oklob plant.
The oklob plant is lightly damaged.
The oklob plant spits acid at you. The splash of acid hits you!
* * * LOW HITPOINT WARNING * * *
You are splashed with acid!
The acid burns!
* * * LOW HITPOINT WARNING * * *
The oklob plant spits acid at you. The splash of acid hits you!
* * * LOW HITPOINT WARNING * * *
The acid corrodes you!
You are splashed with acid!
The acid burns!
You die...

#..#.##.#.....# ###
†..##.#.......P#
..............##
........P#.#P.#
P......####...####
PP....## ##....####
#.PP..### ##........#
##......###........##
....................#
≈..≈P.....#......P..#
≈≈##≈.####.#...(@P..#
P≈##≈.#.###....l.P..#
≈≈PP≈..†.#.......[..#
≈≈≈≈≈...............<#
.≈##≈......P..#......#
#≈.....)...:.....#..##
≈P≈≈............###.#
.≈≈≈......[..##P# ##
#≈##≈........# ##
#≈...........#
≈≈≈........#


You could see 3 oklob plants and a komodo dragon.

Vanquished Creatures
  A tengu reaver (D:12)
  Harold (Lair:1)
  5 hydras
  6 two-headed ogres
  A death yak (Lair:5)
  Nergalle (D:12)
  An unseen horror (D:11)
  An oklob plant (Lair:6)
  An ugly thing (D:6)
  A cyclops (D:12)
  2 manticores
  5 elephants (Lair:6)
  2 merfolk sirens (Lair:2)
  Joseph (D:9)
  3 black mambas
  2 torpor snails
  A gargoyle (D:11)
  8 spiny frogs
  2 rime drakes (Lair:6)
  9 komodo dragons
  2 merfolk (Lair:2)
  2 polar bears
  2 trolls (D:12)
  4 blink frogs (Lair:6)
  6 hippogriffs
  A spriggan (D:10)
  A redback (Lair:3)
  2 wraiths (D:11)
  2 shadows
  A vampire (D:11)
  2 chaos spawn (D:8)
  59 yaks
  6 wyverns
  3 basilisks
  2 hungry ghosts
  A soldier ant (D:11)
  16 water moccasins
  6 porcupines
  A swamp drake (D:10)
  An ice beast (D:12)
  2 sky beasts
  A black bear (D:6)
  An eye of draining (D:12)
  9 orc warriors
  3 necrophages
  6 ogres
  A hornet zombie (D:12)
  5 centaurs
  3 phantoms
  8 crocodiles
  3 elf zombies (D:5)
  2 big kobolds
  17 bullfrogs
  An elf skeleton (D:5)
  A gnoll sergeant (D:9)
  4 scorpions
  18 killer bees
  2 spriggan skeletons (D:11)
  2 howler monkeys
  9 wights
  3 electric eels (Lair:5)
  6 crimson imps
  3 jellies
  A centaur zombie (D:8)
  2 quasits
  2 bullfrog zombies
  A human zombie (D:5)
  3 bullfrog skeletons
  A gnoll shaman (D:6)
  7 hounds
  9 orc priests
  16 orc wizards
  4 centaur skeletons
  An iguana (D:8)
  Natasha (D:2)
  7 worker ants
  A killer bee zombie (D:10)
  2 hound skeletons (D:6)
  Robin (D:3)
  A howler monkey skeleton (D:6)
  17 adders
  21 gnolls
  A river rat (Sewer)
  7 shadow imps
  2 oozes
  An adder zombie (D:7)
  4 adder skeletons
  3 worms
  A dart slug (D:2)
  7 leopard geckos
  45 orcs
  3 ball pythons
  7 bats
  8 giant cockroaches
  19 goblins
  12 hobgoblins
  15 jackals
  6 quokkas
  4 frilled lizards
  16 kobolds
  An orc skeleton (D:5)
  3 quokka skeletons
  13 rats
560 creatures vanquished.

Vanquished Creatures (others)
  3 fungi
  3 plants
6 creatures vanquished.

Grand Total: 566 creatures vanquished

Notes
Turn   | Place    | Note
-------+----------+-------------------------------------------
     0 | D:1      | hilaritas the Demonspawn Gladiator began the quest for the Orb.
     0 | D:1      | Reached XP level 1. HP: 16/16 MP: 1/1
   227 | D:1      | Gained mutation: When hurt, damage is shared between your health and your magic reserves. [demonic ancestry]
   227 | D:1      | Reached XP level 2. HP: 22/22 MP: 2/2
   938 | D:2      | Gained mutation: You are partially covered in icy blue scales. (AC +2) [demonic ancestry]
   938 | D:2      | Reached XP level 3. HP: 6/27 MP: 1/3
  1759 | D:2      | Found a stormy altar of Qazlal.
  1759 | D:2      | Noticed Natasha
  1769 | D:2      | Killed Natasha
  1769 | D:2      | Reached XP level 4. HP: 20/34 MP: 2/4
  2386 | D:3      | Noticed Robin
  2391 | D:3      | HP: 3/34 [orc wizard/puff of flame (10)]
  2448 | D:3      | Reached skill level 5 in Long Blades
  2448 | D:3      | Reached XP level 5. HP: 30/39 MP: 3/5
  3127 | D:3      | Killed Robin
  3487 | D:4      | Noticed an ogre
  3494 | D:3      | Killed an ogre
  3494 | D:3      | Gained mutation: You have a pair of small horns on your head. [demonic ancestry]
  3494 | D:3      | Reached XP level 6. HP: 25/47 MP: 3/6
  3987 | D:4      | Reached XP level 7. HP: 52/52 MP: 7/7
  4141 | D:4      | HP: 5/52 [poisoned by a scorpion]
  4146 | D:4      | HP: 4/52 [poisoned by a scorpion]
  4153 | D:4      | HP: 3/52 [poisoned by a scorpion]
  4161 | D:4      | HP: 3/52 [poisoned by a scorpion]
  4682 | D:5      | Entered Level 5 of the Dungeon
  4745 | D:5      | Found a staircase to the Ecumenical Temple.
  4757 | Temple   | Entered the Ecumenical Temple
  4884 | Temple   | Became a worshipper of Warmaster Okawaru
  4925 | D:5      | Found a glowing drain.
  4934 | Sewer    | Entered a sewer
  5047 | Sewer    | Found a glowing silver altar of Zin.
  5112 | D:5      | Found Zooqeudi's Weapon Shop.
  5128 | D:5      | Found Unkoere's Antique Armour Emporium.
  5167 | D:5      | Found Tucvif's Assorted Antiques.
  5170 | D:5      | Bought a scroll labeled NIUMMA XUSUETI for 21 gold pieces
  5170 | D:5      | Bought a yellow potion for 18 gold pieces
  5194 | D:5      | Found Gigoapto's Armour Boutique.
  5422 | D:5      | Found Fumnav's Armour Boutique.
  5641 | D:5      | Reached XP level 8. HP: 55/60 MP: 6/8
  5752 | D:5      | Reached * piety under Okawaru
  6119 | D:6      | Reached skill level 1 in Invocations
  6653 | D:6      | HP: 2/61 [killer bee (7)]
  6938 | D:6      | Reached skill level 10 in Long Blades
  6950 | D:6      | Reached ** piety under Okawaru
  7020 | D:6      | Reached skill level 5 in Fighting
  7023 | D:6      | Got a pitted chain mail
  7034 | D:6      | Identified the cursed +0 chain mail of the Spider Nest {rC+ Stlth+} (You found it on level 6 of the Dungeon)
  7093 | D:6      | Gained mutation: You are mostly covered in icy blue scales. (AC +3) [demonic ancestry]
  7093 | D:6      | Reached XP level 9. HP: 54/68 MP: 8/10
  7448 | D:6      | Reached skill level 1 in Armour
  7462 | D:6      | Noticed a white ugly thing
  7749 | D:6      | Noticed a two-headed ogre
  7758 | D:6      | Killed a two-headed ogre
  7771 | D:6      | Reached *** piety under Okawaru
  7780 | D:6      | Got a jewelled ring mail
  7791 | D:6      | Identified the cursed +1 ring mail of Courage {Str+2} (You found it on level 6 of the Dungeon)
  8014 | D:6      | Identified a scroll of acquirement
  8036 | D:6      | Killed a purple ugly thing
  8366 | D:7      | Gained mutation: You have a pair of horns on your head. [demonic ancestry]
  8366 | D:7      | Reached XP level 10. HP: 39/82 MP: 7/13
  8624 | D:7      | Reached skill level 5 in Invocations
  8787 | D:7      | Reached **** piety under Okawaru
  9776 | D:8      | Found a shimmering altar of Xom.
  9994 | D:8      | Found Nefia's Antique Armour Shoppe.
 10142 | D:8      | Found Udotu's Weapon Shop.
 10179 | D:8      | Noticed a two-headed ogre
 10189 | D:8      | Killed a two-headed ogre
 10371 | D:8      | Found Wuphos's Antique Weapon Shop.
 10594 | D:8      | Noticed a two-headed ogre
 10602 | D:8      | Killed a two-headed ogre
 10602 | D:8      | Reached ***** piety under Okawaru
 10602 | D:8      | Reached skill level 10 in Fighting
 10602 | D:8      | Reached skill level 5 in Armour
 10932 | D:5      | Bought a +2 shield of protection for 322 gold pieces
 11281 | D:9      | Reached skill level 1 in Shields
 11498 | D:9      | Noticed Joseph
 11519 | D:9      | Killed Joseph
 11587 | D:9      | Reached XP level 11. HP: 74/91 MP: 13/16
 12214 | D:10     | Entered Level 10 of the Dungeon
 12653 | D:10     | Found a staircase to the Orcish Mines.
 12930 | D:10     | Received a gift from Okawaru
 13339 | D:10     | Found a staircase to the Lair.
 15250 | D:11     | Reached skill level 5 in Shields
 15367 | D:11     | Killed an unseen horror
 15810 | D:12     | Learned a level 1 spell: Summon Small Mammal
 15956 | D:12     | Noticed a two-headed ogre
 15973 | D:12     | Killed a two-headed ogre
 15973 | D:12     | Reached skill level 5 in Dodging
 16191 | D:12     | Noticed a two-headed ogre
 16206 | D:12     | Killed a two-headed ogre
 16206 | D:12     | Received a gift from Okawaru
 16208 | D:12     | Reached XP level 12. HP: 52/97 MP: 9/18
 16209 | D:12     | Got a jewelled plate armour {god gift}
 16225 | D:12     | Identified the +6 plate armour "Maekh" {MR+ Str+3 Stlth+} (Okawaru gifted it to you on level 12 of the Dungeon)
 16399 | D:12     | Noticed Nergalle
 16414 | D:12     | Killed Nergalle
 16654 | D:12     | Noticed a two-headed ogre
 16662 | D:12     | Killed a two-headed ogre
 17094 | D:12     | Noticed a tengu reaver
 17137 | D:12     | Killed a tengu reaver
 17924 | Lair:1   | Entered Level 1 of the Lair of Beasts
 18213 | Lair:1   | Noticed Harold
 18237 | Lair:1   | Killed Harold
 18371 | Lair:1   | Noticed a four-headed hydra
 18390 | Lair:1   | Killed a four-headed hydra
 18805 | Lair:1   | Received a gift from Okawaru
 18818 | Lair:1   | Got a slimy buckler {god gift}
 18829 | Lair:1   | Identified the +3 buckler "Fousoeli" {MR++ Str+3} (Okawaru gifted it to you on level 1 of the Lair of Beasts)
 19419 | Lair:2   | Gained mutation: You regenerate magic rapidly. [demonic ancestry]
 19419 | Lair:2   | Reached XP level 13. HP: 83/103 MP: 16/20
 19420 | Lair:2   | Found a staircase to the Shoals.
 20073 | Lair:2   | Reached skill level 10 in Invocations
 20876 | Lair:3   | Reached skill level 10 in Shields
 20926 | Lair:3   | Reached skill level 10 in Armour
 20984 | Lair:3   | Found a hole to the Spider Nest.
 22520 | Lair:4   | Reached ****** piety under Okawaru
 22520 | Lair:4   | Received a gift from Okawaru
 24368 | Lair:6   | Entered Level 6 of the Lair of Beasts
 24670 | Lair:6   | Gained mutation: When low on magic, you restore magic in place of health. [demonic ancestry]
 24670 | Lair:6   | Reached XP level 14. HP: 98/111 MP: 19/21
 24977 | Lair:6   | Found a staircase to the Slime Pits.
 25002 | Lair:6   | HP: 3/111 [acid (12)]
 25002 | Lair:6   | Splashed by an oklob plant's acid

Skill      XL: |  1  2  3  4  5  6  7  8  9 10 11 12 13 14 |
---------------+-------------------------------------------+-----
Long Blades    | 3 4 5 6 8 10 11 | 11.0
Fighting       | 3 4 5 8 10 | 10.5
Invocations    | 2 4 6 8 9 10 | 10.0
Armour         | 2 6 7 8 10 | 10.0
Shields        | 1 6 9 11 | 11.0
Dodging        | 3 5 6 8 |  8.3
Throwing       | |  1.7

Action                   |  1- 3 |  4- 6 |  7- 9 | 10-12 | 13-15 || total
-------------------------+-------+-------+-------+-------+-------++-------
Melee: Long sword        |   116 |   198 |   454 |  1101 |   526 ||  2395
       Headbutt          |       |     4 |   114 |   329 |   222 ||   669
       Punch             |       |       |     5 |       |       ||     5
       Dagger            |       |       |       |    14 |    30 ||    44
Throw: Throwing net      |       |     1 |       |       |       ||     1
       Javelin           |       |       |       |    28 |     4 ||    32
Invok: Heroism           |       |       |     5 |     8 |     9 ||    22
Evoke: Wand              |       |       |     2 |     2 |       ||     4
  Use: Scroll            |     5 |     8 |     9 |    10 |     3 ||    35
       Potion            |       |     2 |     7 |     2 |     2 ||    13
 Stab: Sleeping          |       |     1 |       |     1 |       ||     2
       Distracted        |       |     1 |       |       |       ||     1
       Confused          |       |       |       |     1 |       ||     1
  Eat: Chunk             |     3 |     7 |    14 |    53 |    10 ||    87
       Royal jelly       |       |       |     1 |       |       ||     1
       Fruit             |       |       |       |     1 |     2 ||     3
Armor: Leather armour    |    44 |    26 |       |       |       ||    70
       Ring mail         |       |    59 |   141 |   231 |       ||   431
       Plate armour      |       |       |       |   238 |   262 ||   500
Dodge: Dodged            |    90 |   131 |   281 |   431 |   289 ||  1222
Block: Shield            |       |       |       |   604 |       ||   604
       Buckler           |       |       |       |    27 |   304 ||   331
       Rpst.: Long sword |    33 |    35 |    84 |   109 |    80 ||   341
